 Dungeon Crawl Stone Soup version 0.21.1-1-g345015fe64 (webtiles) character file.

2769 Htamos the Basher (level 9, -1/56 HPs)
             Began as a Gargoyle Fighter on June 14, 2018.
             Slain by a two-headed ogre
             ... wielding a +0 giant club
              (5 damage)
             ... on level 8 of the Dungeon.
             The game lasted 00:26:02 (6615 turns).

Htamos the Basher (Gargoyle Fighter)                Turns: 6615, Time: 00:26:02

Health: -1/56      AC: 19    Str: 21    XL:     9   Next: 69%
Magic:  9/9        EV:  3    Int:  9    God:
Gold:   181        SH: 15    Dex: 11    Spells: 8/8 levels left

rFire    x . .     SeeInvis .   y - +0 morningstar
rCold    + . .     Gourm    .   r - +0 large shield
rNeg     + . .     Faith    .   C - +0 plate armour
rPois    ∞         Spirit   .   (helmet restricted)
rElec    +         Reflect  .   (no cloak)
rCorr    .         Harm     .   (no gloves)
MR       .....                  (no boots)
Stlth    ..........             (no amulet)
HPRegen  0.18/turn              i - ring of poison resistance
MPRegen  0.11/turn              j - ring of ice

@: no status effects
A: antennae 1, big wings, beak, claws 1, negative energy resistance 1,
electricity resistance, unbreathing, evolution 1, petrification resistance, rot
immunity, AC +6
a: Fly


You were on level 8 of the Dungeon.
You were very hungry.

You visited 1 branch of the dungeon, and saw 8 of its levels.

You collected 441 gold pieces.
You spent 260 gold pieces at shops.

Inventory:

Hand Weapons
 a - a +1 flail
 e - a +0 whip
 y - a +0 morningstar (weapon)
 B - a +1 flail of distortion
Armour
 b - a +0 scale mail
 c - a +0 shield
 n - a +0 scale mail
 q - a +1 chain mail
 r - a +0 large shield (worn)
 t - a +0 shield
 C - a +0 plate armour (worn)
Jewellery
 i - a ring of poison resistance (left claw)
 j - a ring of ice (right claw)
 o - an uncursed ring of magical power
 w - a +5 amulet of reflection {unknown}
Scrolls
 l - 3 scrolls of remove curse
 s - a scroll of random uselessness
 u - a scroll of amnesia
 v - 2 scrolls of enchant armour
 z - a scroll of fog
Potions
 d - 6 potions of might
 g - a potion of haste {unknown}
 h - 4 potions of curing
 k - 2 potions of berserk rage
 m - 4 potions of agility
 p - a potion of magic {unknown}
 x - a potion of heal wounds {unknown}
 A - a potion of resistance {unknown}
 D - a potion of cancellation {unknown}
Comestibles
 f - 11 rations


   Skills:
 + Level 6.8 Fighting
 + Level 9.5 Maces & Flails
 * Level 5.7 Armour
 + Level 1.1 Dodging
 * Level 6.9 Shields


You had 8 spell levels left.
You didn't know any spells.

Dungeon Overview and Level Annotations

Branches:
Dungeon (8/15)             Temple (0/1) D:6
   Lair: D:8-11

Altars:

Shops:
D:7 [


Innate Abilities, Weirdness & Mutations

You are resistant to torment.
Your stone body is resilient. (AC +6)
You are immune to poison.
You resist negative energy. (rN+)
You are resistant to electric shocks. (rElec)
You can survive without breathing.
You are immune to petrification.
You are immune to rotting.
You have a pair of small antennae on your head.
Your large and strong wings let you fly indefinitely.
You have a beak for a mouth.
You have sharp fingernails.
You evolve.


Message History

Your peck misses the two-headed ogre.
The two-headed ogre is moderately wounded.
The two-headed ogre hits you with a giant club!
You block the two-headed ogre's attack.
You puncture the two-headed ogre!
The two-headed ogre is heavily wounded.
You are feeling very hungry.
You hit the two-headed ogre.
The two-headed ogre is heavily wounded.
You block the two-headed ogre's attack. x2
You hit the two-headed ogre.
The two-headed ogre is heavily wounded.
The two-headed ogre hits you with a giant club.
* * * LOW HITPOINT WARNING * * *
The two-headed ogre hits you with a giant spiked club!
* * * LOW HITPOINT WARNING * * *
You closely miss the two-headed ogre.
The two-headed ogre is heavily wounded.
The two-headed ogre hits you with a giant club.
You die...

.. #............ ....
#............
....##............
..........#.......
........O.#.......
..........#.######
..........#.. ..#
.........#############.#
#.......###.O@......#.#
#...........#######.#.#
#.......##### #.#.#
#######.# #.#.#
#.###########.#.#
#...............#
#############.#.# #.###
#.#


You could see a two-headed ogre.

Vanquished Creatures
  The ghost of Gedi the Skirmisher, an amateur MiAK of Lugonu (D:4)
  Grinder (D:3)
  The ghost of spacerossing the Chopper, an amateur MiBe of Trog (D:3)
  The ghost of Sapher the Grave Robber, an amateur GnNe (D:5)
  Edmund (D:6)
  3 ogres
  A centaur (D:6)
  2 big kobolds (D:7)
  Blork the orc (D:5)
  3 bullfrogs
  A scorpion (D:4)
  A wyvern skeleton (D:8)
  A water moccasin skeleton (D:6)
  3 wights (D:4)
  2 centaur zombies
  4 jellies
  2 orc priests
  A quasit (D:6)
  2 bullfrog skeletons (D:6)
  2 hounds
  3 worker ants
  4 iguanas
  3 orc wizards
  A killer bee zombie (D:7)
  15 adders
  2 shadow imps
  2 adder skeletons
  A worm (D:2)
  8 dart slugs
  5 leopard geckos
  26 orcs
  4 giant cockroaches
  10 goblins
  7 hobgoblins
  15 jackals
  3 quokkas
  A ball python (D:4)
  8 bats
  5 frilled lizards
  A jackal zombie (D:5)
  17 kobolds
  7 rats
182 creatures vanquished.

Notes
Turn   | Place    | Note
-------+----------+-------------------------------------------
     0 | D:1      | Htamos the Gargoyle Fighter began the quest for the Orb.
     0 | D:1      | Reached XP level 1. HP: 14/14 MP: 1/1
    85 | D:1      | Reached XP level 2. HP: 19/20 MP: 2/2
   442 | D:1      | Reached XP level 3. HP: 24/24 MP: 3/3
   802 | D:2      | Reached skill level 3 in Maces & Flails
  1043 | D:2      | Reached XP level 4. HP: 29/29 MP: 4/4
  1506 | D:2      | Reached skill level 4 in Maces & Flails
  1582 | D:3      | Reached XP level 5. HP: 30/34 MP: 5/5
  1801 | D:3      | Noticed Grinder
  1801 | D:3      | Paralysed by Grinder for 6 turns
  1826 | D:3      | Paralysed by Grinder for 5 turns
  1844 | D:3      | Killed Grinder
  1844 | D:3      | Reached skill level 5 in Fighting
  1844 | D:3      | Reached skill level 5 in Maces & Flails
  1844 | D:3      | Reached XP level 6. HP: 36/40 MP: 6/6
  1900 | D:3      | Reached skill level 6 in Maces & Flails
  1971 | D:3      | Gained mutation: You occasionally shout uncontrollably at your foes. [potion of mutation]
  1971 | D:3      | Gained mutation: Your magical capacity is low. (-10% MP) [potion of mutation]
  1971 | D:3      | Gained mutation: Your movements are slightly less encumbered by armour. (ER -2) [potion of mutation]
  1972 | D:3      | Lost mutation: You occasionally shout uncontrollably at your foes. [potion of mutation]
  1972 | D:3      | Lost mutation: Your magical capacity is low. (-10% MP) [potion of mutation]
  1972 | D:3      | Gained mutation: You have a beak for a mouth. [potion of mutation]
  1972 | D:3      | Gained mutation: You have sharp toenails. [potion of mutation]
  2061 | D:3      | Noticed spacerossing's ghost (amateur MiBe)
  2085 | D:3      | Killed spacerossing's ghost
  2085 | D:3      | Reached XP level 7. HP: 34/44 MP: 7/7
  2110 | D:3      | Lost mutation: You have sharp toenails. [potion of mutation]
  2110 | D:3      | Lost mutation: Your movements are slightly less encumbered by armour. (ER -2) [potion of mutation]
  2110 | D:3      | Gained mutation: You evolve. [potion of mutation]
  2110 | D:3      | Gained mutation: You have a pair of small horns on your head. [potion of mutation]
  2110 | D:3      | Gained mutation: Your flesh is heat resistant. (rF+) [potion of mutation]
  2328 | D:4      | Noticed Gedi's ghost (amateur MiAK)
  2367 | D:4      | Killed Gedi's ghost
  2367 | D:4      | Reached skill level 7 in Maces & Flails
  2716 | D:4      | Found a glowing drain.
  2811 | D:4      | Lost mutation: You have a pair of small horns on your head. [potion of mutation]
  2811 | D:4      | Lost mutation: Your flesh is heat resistant. (rF+) [potion of mutation]
  2811 | D:4      | Gained mutation: You have a pair of small antennae on your head. [potion of mutation]
  2811 | D:4      | Gained mutation: You have sharp fingernails. [potion of mutation]
  2842 | D:4      | Reached XP level 8. HP: 20/51 MP: 8/8
  3210 | D:4      | Reached skill level 8 in Maces & Flails
  3217 | D:5      | Entered Level 5 of the Dungeon
  3432 | D:5      | Noticed Sapher's ghost (amateur GnNe)
  3469 | D:5      | Killed Sapher's ghost
  3656 | D:5      | Gained mutation: Your large and strong wings let you fly indefinitely. [evolution]
  3837 | D:5      | Noticed Blork the orc
  4442 | D:5      | Killed Blork the orc
  4603 | D:6      | Reached skill level 5 in Shields
  4778 | D:6      | Reached XP level 9. HP: 48/56 MP: 9/9
  4865 | D:6      | Noticed Edmund
  4881 | D:6      | Killed Edmund
  4916 | D:6      | Found a staircase to the Ecumenical Temple.
  5021 | D:6      | Reached skill level 1 in Dodging
  5033 | D:6      | Reached skill level 9 in Maces & Flails
  5672 | D:7      | Reached skill level 5 in Armour
  5986 | D:7      | Found Ethropn's Armour Emporium.
  5989 | D:7      | Bought a cursed +0 plate armour for 260 gold pieces
  6490 | D:8      | Noticed a two-headed ogre
  6615 | D:8      | Slain by a two-headed ogre

Skill      XL: |  1  2  3  4  5  6  7  8  9 |
---------------+----------------------------+-----
Fighting       | 4 5 6 |  6.8
Maces & Flails | 3 4 5 6 7 8 9 |  9.5
Shields        | 5 6 |  6.9
Armour         | 4 5 |  5.7
Dodging        | 1 |  1.1

Action                   |  1- 3 |  4- 6 |  7- 9 || total
-------------------------+-------+-------+-------++-------
Melee: Flail             |   168 |   208 |   112 ||   488
       Kick              |       |     5 |       ||     5
       Peck              |       |     2 |    74 ||    76
       Headbutt          |       |       |    10 ||    10
       Morningstar       |       |       |   299 ||   299
  Use: Scroll            |       |    10 |     5 ||    15
       Potion            |       |     2 |     2 ||     4
  Eat: Chunk             |       |     5 |     7 ||    12
       Ration            |       |       |     2 ||     2
Armor: Scale mail        |    85 |    30 |       ||   115
       Chain mail        |       |    97 |   180 ||   277
       Plate armour      |       |       |    26 ||    26
Dodge: Dodged            |    50 |    37 |    38 ||   125
Block: Shield            |    78 |   110 |    21 ||   209
       Large shield      |       |       |   281 ||   281
